 Dungeon Crawl Stone Soup version 0.26.1-11-gd32895ea62 (webtiles) character file.

Game seed: 1744695617264746506

70 Revguard the Insei (level 4, -5/32 HPs)
             Began as a Demonspawn Transmuter on Apr 17, 2021.
             Killed by divine providence
             ... invoked by an orc priest
              (14 damage)
             ... on level 3 of the Dungeon.
             The game lasted 00:06:34 (3457 turns).

Revguard the Insei (Demonspawn Transmuter)          Turns: 3457, Time: 00:06:35

Health: -5/32      AC:  2    Str: 10    XL:     4   Next: 3%
Magic:  2/7        EV: 20    Int: 14    God:
Gold:   114        SH:  0    Dex: 20    Spells: 2/8 levels left

rFire    . . .     SeeInvis .     - Unarmed
rCold    . . .     Faith    .   (shield currently unavailable)
rNeg     . . .     Spirit   .   (armour currently unavailable)
rPois    x         Reflect  .   (helmet currently unavailable)
rElec    .         Harm     .   (cloak currently unavailable)
rCorr    .         Rampage  .   (gloves currently unavailable)
Will     .....                  (boots currently unavailable)
Stlth    ++........             (no amulet)
HPRegen  0.10/turn              (no ring)
MPRegen  0.10/turn              (no ring)

@: spider-form (expiring), wereblooded
A: tiny, miasma immunity
a: End Transformation


You were on level 3 of the Dungeon.
You were a venomous arachnid creature.
You visited 1 branch of the dungeon, and saw 3 of its levels.

You collected 114 gold pieces.

Inventory:

Armour
 a - a +0 robe (melded)
Jewellery
 c - a cursed -4 ring of intelligence {unknown}
Scrolls
 b - 2 scrolls of enchant armour {unknown}
 d - a scroll of amnesia {unknown}
 f - a scroll of teleportation {unknown}
 g - a scroll of remove curse {unknown}
 h - 2 scrolls of identify {unknown}
 i - a scroll of noise {unknown}
 j - a scroll of blinking {unknown}
 k - a scroll of fog {unknown}
 l - a scroll of magic mapping {unknown}
Potions
 m - a potion of haste {unknown}
 n - a potion of lignification {unknown}


   Skills:
 * Level 1.5 Fighting
 * Level 2.3 Dodging
 + Level 3.2 Unarmed Combat
 * Level 2.5 Spellcasting
 * Level 2.3 Transmutations


You had 2 spell levels left.
You knew the following spells:

 Your Spells              Type           Power        Failure   Level
a - Beastly Appendage     Tmut           16%          22%         1
b - Wereblood             Tmut           8%           30%         2
c - Spider Form           Tmut/Pois      2%           61%         3

Your spell library contained the following spells:

 Spells                   Type           Power        Failure   Level
 Ice Form                 Ice/Tmut       5%           92%         4
 Blade Hands              Tmut           4%           98%         5


Dungeon Overview and Level Annotations

Branches:
Dungeon (3/15)

Altars:


Innate Abilities, Weirdness & Mutations

((You have large cloven feet.))
You are immune to miasma.


Message History

* * * LOW HITPOINT WARNING * * *
You kill the orc!
The orc priest begins to cast a cantrip, but forgets the words!
It was a potion of heal wounds.
You feel much better.
You hit the orc.
The orc is poisoned.
The orc is lightly wounded.
The orc closely misses you.
The orc priest invokes the aid of Beogh against you.
Beogh smites you! The orc completely misses you.
You hit the orc priest.
The orc priest is poisoned.
The orc priest is lightly wounded.
The orc closely misses you.
The orc priest mumbles some strange prayers to Beogh against you.
Pain shoots through your body!
* * * LOW HITPOINT WARNING * * *
You kill the orc!
The orc priest mumbles some strange prayers to Beogh against you.
Beogh smites you!
You die...

##.. ##..# #...## ......
#.#...## #.#.#..####
#.#.##..#.## #
#.#s##.....# .
##.##.##)..#.....## ..
#.....ooo.........## ...
..#########........#....
###..........#
##........# #..<.....#
##.####.## #......#


You could see 2 orc priests and an orc.

Vanquished Creatures
  2 adders (D:2)
  3 dart slugs
  3 leopard geckos
  2 orcs (D:3)
  2 giant cockroaches
  5 goblins
  7 hobgoblins
  3 kobolds
  A ball python (D:1)
  4 bats
  3 frilled lizards
  6 rats
41 creatures vanquished.

Vanquished Creatures (others)
  3 plants (D:1)
3 creatures vanquished.

Grand Total: 44 creatures vanquished

Notes
Turn   | Place    | Note
-------+----------+-------------------------------------------
     0 | D:1      | Revguard the Demonspawn Transmuter began the quest for the
                  | Orb.
     0 | D:1      | Reached XP level 1. HP: 15/15 MP: 3/3
   377 | D:1      | Lost mutation: You have razor-sharp toenails. [demonic
                  | ancestry]
   377 | D:1      | Lost mutation: You have sharp toenails. [demonic ancestry]
   377 | D:1      | Gained mutation: You have large cloven feet. [demonic
                  | ancestry]
   377 | D:1      | Reached XP level 2. HP: 21/21 MP: 3/5
   555 | D:1      | Reached skill level 3 in Unarmed Combat
   561 | D:1      | Learned a level 2 spell: Wereblood
  1632 | D:2      | Gained mutation: You are immune to miasma. [demonic
                  | ancestry]
  1632 | D:2      | Reached XP level 3. HP: 23/26 MP: 2/6
  3374 | D:2      | Learned a level 3 spell: Spider Form
  3414 | D:3      | Reached XP level 4. HP: 31/32 MP: 5/7
  3457 | D:3      | Killed from afar by an orc priest

Illustrated notes

Levels and vault maps discovered:
D:1:      saegor_arrival_simple_a, layout_rooms, serial_bayou,
          serial_bayou_shore_b, serial_bayou_lagoon_b, serial_bayou_pond_b,
          serial_bayou_lake_a, roderic_lattice_a, minmay_misc_feat_x,
          st_stairs_4, serial_bayou_pond_a
D:2:      layout_basic
D:3:      layout_loops_ring, minmay_fractal_squares_gapless_5

Skill      XL: |  1  2 |
---------------+-------+-----
Transmutations | 2 |  2.3
Dodging        | 2 |  2.3
Unarmed Combat | 3 |  3.2
Fighting       | |  1.5
Spellcasting   | |  2.5

Action                   |  1- 3 |  4- 6 || total
-------------------------+-------+-------++-------
Melee: Unarmed           |   119 |     5 ||   124
       Headbutt          |    10 |       ||    10
       Kick              |    20 |       ||    20
 Cast: Beastly Appendage |    26 |     1 ||    27
       Wereblood         |     1 |     1 ||     2
       Spider Form       |       |     1 ||     1
  Use: Potion            |       |     1 ||     1
Armor: Robe              |    25 |     1 ||    26
Dodge: Dodged            |    90 |     5 ||    95
